 Dungeon Crawl Stone Soup version 0.30-a0-1157-g2cc9ac7196 (webtiles) character file.

Game seed: 15372487993615040559

14 Dittersdorf the Shield-Bearer (level 2, -1/19 HPs)
             Began as a Gargoyle Fighter on Apr 24, 2023.
             Slain by a gnoll
             ... wielding a +0 club
              (7 damage)
             ... on level 1 of the Dungeon.
             The game lasted 00:00:29 (350 turns).

Dittersdorf the Shield-Bearer (Gargoyle Fighter)     Turns: 350, Time: 00:00:29

Health: -1/19      AC:  9    Str: 19    XL:     2   Next: 45%
Magic:  2/2        EV:  9    Int:  8    God:
Gold:   6          SH:  4    Dex:  9    Spells: 1/1 levels left

rFire   . . .        a - +0 flail
rCold   . . .        c - +0 buckler
rNeg    + . .        b - +0 scale mail
rPois   ∞            (no helmet)
rElec   +            (no cloak)
rCorr   .            (no gloves)
SInv    .            (no boots)
Will    .....        (no amulet) Stlth
                     (no ring)
HPRegen 0.23/turn    (no ring)
MPRegen 0.08/turn

%: no passive effects
@: no status effects
A: sickness immunity, AC +2, negative energy resistance 1, electricity
resistance, torment resistance 1, petrification resistance
a: no special abilities


You were on level 1 of the Dungeon.
You visited 1 branch of the dungeon, and saw 1 of its levels.

You collected 6 gold pieces.

Inventory:

Hand Weapons
 a - a +0 flail (weapon)
Armour
 b - a +0 scale mail (worn)
 c - a +0 buckler (worn)
Scrolls
 e - a scroll of amnesia {unknown}
 f - 2 scrolls of blinking {unknown}
 g - a scroll of identify {unknown}
Potions
 d - a potion of might
 h - a potion of heal wounds {unknown}
 i - a potion of haste {unknown}
 j - a potion of berserk rage {unknown}


   Skills:
 + Level 3.5 Fighting
 + Level 2.2 Maces & Flails
 + Level 3.5 Armour
 + Level 3.5 Shields


You had one spell level left.
You didn't know any spells.
Your spell library was empty.

Dungeon Overview and Level Annotations

Branches:
Dungeon (1/15)

Altars:

Shops:
D:1 (


Innate Abilities, Weirdness & Mutations

You are immune to sickness and miasma.
Your stone body is resilient. (AC +2)
You are immune to poison.
You resist negative energy. (rN+)
You are resistant to electric shocks. (rElec)
You are resistant to unholy torment.
You are immune to petrification.


Message History

The gnoll is severely wounded.
The gnoll closely misses you.
You closely miss the gnoll.
The gnoll is severely wounded.
The gnoll barely misses you. The gnoll hits you with a +0 club.
You hit the gnoll but do no damage.
The gnoll is severely wounded.
You block the gnoll's attack.
You barely miss the gnoll.
The gnoll is severely wounded.
The gnoll barely misses you. x2
You barely miss the gnoll.
The gnoll is heavily wounded.
The gnoll hits you with a +0 club.
You closely miss the gnoll.
The gnoll is heavily wounded.
The gnoll hits you with a +0 club.
You hit the gnoll but do no damage.
The gnoll is heavily wounded.
The gnoll hits you with a +0 club!
You are too injured to fight recklessly!
You are too injured to fight recklessly!
You are too injured to fight recklessly!
You are too injured to fight recklessly!
You are too injured to fight recklessly!
You are too injured to fight recklessly!
You are too injured to fight recklessly!
You are too injured to fight recklessly!
You are too injured to fight recklessly!
You are too injured to fight recklessly!
You are too injured to fight recklessly!
You are too injured to fight recklessly!
You are too injured to fight recklessly!
You are too injured to fight recklessly!
You are too injured to fight recklessly!
You are too injured to fight recklessly!
You hit the gnoll.
The gnoll is severely wounded.
The gnoll hits you but does no damage. The gnoll hits you with a +0 club!
You die...

##### ########...#
......g@.#.#
########...## #....#
##+## #..#.# ##...##
#..#.# . ##.....##
##..#.# ##.......##
##...#.#
##.........####.†..#.#
.+.........'.......#.#


You could see a gnoll.

Vanquished Creatures
  3 bats (D:1)
  2 endoplasms (D:1)
  2 giant cockroaches (D:1)
  A goblin (D:1)
  A frilled lizard (D:1)
  A kobold (D:1)
  3 rats (D:1)
13 creatures vanquished.

Notes
Turn   | Place    | Note
-------+----------+-------------------------------------------
     0 | D:1      | Dittersdorf the Gargoyle Fighter began the quest for the
                  | Orb.
     0 | D:1      | Reached XP level 1. HP: 14/14 MP: 1/1
    81 | D:1      | Found Ururghet's Antique Weapon Boutique.
   241 | D:1      | Found a faded altar of an unknown god.
   247 | D:1      | Reached XP level 2. HP: 19/19 MP: 2/2
   350 | D:1      | Slain by a gnoll

Illustrated notes

Levels and vault maps discovered:
D:1:      dpeg_arrival_pond, layout_loops_corners, serial_shops,
          nicolae_square_shop, ebering_ecumenical_altar_rust,
          minmay_split_cup_large

Action                     || total
---------------------------++-------
  Melee: Flail             ||    37
 Armour: Scale mail        ||    12
  Dodge: Dodged            ||    19
  Block: Buckler           ||     4

Table legend: (Time is in decaauts)
 A = Elapsed time spent in this place.
 B = Non-inter-level travel time spent in this place.
 C = Inter-level travel time spent in this place.
 D = Time resting spent in this place.
 E = Time spent auto-exploring this place.
 F = Levels seen in this place.
 G = Mean time per level.
                   A        B        C        D        E       F      G
               +--------+--------+--------+--------+--------+-----+--------+
         Total |    361 |    361 |      0 |      0 |    270 |   1 |  361.0 |
       Dungeon |    361 |    361 |      0 |      0 |    270 |   1 |  361.0 |
               +--------+--------+--------+--------+--------+-----+--------+

Top non-repeatable levels by time:
     D:1: 361 daAuts
